 Dungeon Crawl Stone Soup version 0.30-a0-341-g682706514a (webtiles) character file.

Game seed: 1304695081674790664

956 IdlyInterested the Trooper (level 7, -2/60 HPs)
             Began as a Demonspawn Wanderer on Nov 4, 2022.
             Slain by a water moccasin (6 damage)
             ... on level 5 of the Dungeon.
             The game lasted 00:17:01 (4264 turns).

IdlyInterested the Trooper (Demonspawn Wanderer)    Turns: 4264, Time: 00:17:02

Health: -2/60      AC: 10    Str: 13    XL:     7   Next: 91%
Magic:  7/7        EV:  8    Int: 12    God:
Gold:   442        SH: 12    Dex: 21    Spells: 6/6 levels left

rFire   . . .      SeeInvis .    p - +0 falchion
rCold   . . .      Faith    .    r - +0 tower shield
rNeg    . . .      Spirit   .    c - +1 robe of the Manifold Defenders {Regen+}
rPois   .          Reflect  .    d - +0 helmet
rElec   .          Harm     .    (no cloak)
rCorr   +          Rampage  .    (no gloves)
Will    .....                    (no boots)
Stlth   ++........               k - amulet of regeneration
HPRegen 1.90/turn                g - +6 ring of dexterity
MPRegen 0.10/turn                s - ring of resist corrosion

@: lethally poisoned (-2 -> -2), sanguine armoured
A: claws 1, powered by death 1, sanguine armour 1, demonic magic 1
a: no special abilities


You were on level 5 of the Dungeon.
You visited 1 branch of the dungeon, and saw 5 of its levels.
You also visited: Ossuary.

You collected 442 gold pieces.

Inventory:

Hand Weapons
 a - a +2 dagger
 n - a +0 short sword
 p - a +0 falchion (weapon)
Missiles
 b - a curare-tipped dart
 j - 3 javelins (quivered)
 z - 5 atropa-tipped darts
Armour
 c - the +1 robe of the Manifold Defenders (worn) {Regen+}
   (You found it on level 4 of the Dungeon)

   Regen:     It increases your rate of health regeneration.
 d - a +0 helmet (worn)
 f - the +1 robe of Whack-A-Mole {Harm MP-9 Int+4}
   (You took it off a kobold on level 3 of the Dungeon)

   Int:       It affects your intelligence (+4).
   MP:        It affects your magic capacity (-9).
   Harm:      It increases damage dealt and taken.
 h - a +2 scale mail of poison resistance
 r - a +0 tower shield (worn)
Jewellery
 g - a +6 ring of dexterity (left claw)
 k - an amulet of regeneration (around neck)
 o - a ring of resist corrosion
 s - a ring of resist corrosion (right claw)
 t - an amulet of guardian spirit
 u - a ring of magical power
Wands
 x - a wand of polymorph (3)
 y - a wand of roots (20)
Scrolls
 w - 2 scrolls of teleportation
 B - a scroll of magic mapping
Potions
 e - 3 potions of attraction
 i - 3 potions of brilliance
 l - 2 potions of mutation
 m - a potion of resistance
 q - 3 potions of cancellation
 v - 2 potions of might {unknown}
 A - a potion of invisibility
 C - 2 potions of lignification
 D - a potion of haste
 E - 3 potions of curing


   Skills:
 + Level 7.3 Fighting
 * Level 1.7 Short Blades
 - Level 1.7 Polearms
 - Level 2.0 Throwing
 - Level 2.0 Armour
 - Level 2.0 Dodging
 - Level 2.0 Stealth
 * Level 3.9 Evocations


You had 6 spell levels left.
You didn't know any spells.
Your spell library contained the following spells:

 Spells                   Type           Power      Damage    Failure   Level
 Sublimation of Blood     Necr           0%         N/A       100%        2
 Ozocubu's Armour         Ice            0%         N/A       100%        3
 Petrify                  Tmut/Erth      0%         N/A       100%        4
 Irradiate                Conj/Tmut      0%         3d11      100%        5
 Ozocubu's Refrigeration  Ice            0%         4d7       100%        7


Dungeon Overview and Level Annotations

Branches:
Dungeon (5/15)            Ossuary (visited)
 Temple: D:4-7

Altars:
Makhleb


Innate Abilities, Weirdness & Mutations

You have sharp fingernails.
You regenerate a little health from kills.
When seriously injured, your blood forms armour. (AC +6)
Spells you cast may paralyse adjacent enemies.


Message History

You closely miss the water moccasin. The water moccasin bites you!
You block the water moccasin's attack. x2
You hit the water moccasin.
The water moccasin is lightly wounded.
The water moccasin bites you!
You are poisoned.
The water moccasin poisons you! The water moccasin bites you.
You are more poisoned.
The water moccasin poisons you! The water moccasin bites you.
Your blood congeals into armour.
You slash the water moccasin!
The water moccasin is heavily wounded.
You feel extremely sick.
The water moccasin completely misses you.
The water moccasin bites you.
You are more poisoned.
The water moccasin poisons you!
You miss the water moccasin.
The water moccasin is heavily wounded.
You feel extremely sick. The water moccasin barely misses you.
The water moccasin bites you.
You barely miss the water moccasin.
The water moccasin is heavily wounded.
You feel extremely sick.
The water moccasin bites you but does no damage.
You block the water moccasin's attack. The water moccasin closely misses you.
You hit the water moccasin.
The water moccasin is severely wounded.
You feel very sick.
The water moccasin bites you but does no damage. x2
You hit the water moccasin.
The water moccasin is severely wounded.
You feel very sick. You block the water moccasin's attack.
The water moccasin bites you.
* * * LOW HITPOINT WARNING * * *
You miss the water moccasin.
The water moccasin is severely wounded.
You feel very sick.
You block the water moccasin's attack. x2; The water moccasin bites you.
You die...

######.###.# #
#..........### #.
#.##.......... ###.## #.
#.###...##.## .)... #.#
#.# ##.## #.#. #.# #.#
##.###.# #... #.# #.#
#......## #.#) #.#
#.###..##...## #...
##.###.#...@......#
##.#.
##.###...##.#.#.S.......
>.....
#............[.........#
######
..###...##...........##
##.#####.....#####
#..........##
###.........# #
#.#####.#)# ## #.# #.#.#
###.


You could see a water moccasin.

Vanquished Creatures
  An ice beast (D:5)
  2 ogres
  A centaur (D:5)
  A gnoll sergeant (D:4)
  A necrophage (D:4)
  2 iguanas
  Terence (D:2)
  An orc wizard (D:4)
  8 mummies (Ossuary)
  6 adders
  11 gnolls
  8 worms
  4 dart slugs
  11 orcs
  3 ball pythons
  5 bats
  2 endoplasms (D:1)
  6 giant cockroaches
  3 gnoll zombies (Ossuary)
  6 goblins
  9 hobgoblins
  4 jackals (D:4)
  4 quokkas
  A frilled lizard (D:2)
  2 hobgoblin zombies (Ossuary)
  5 kobolds
  2 kobold zombies (Ossuary)
  An orc zombie (Ossuary)
  3 rats
114 creatures vanquished.

Vanquished Creatures (others)
  An endoplasm (D:3)
1 creature vanquished.

Grand Total: 115 creatures vanquished

Notes
Turn   | Place    | Note
-------+----------+-------------------------------------------
     0 | D:1      | IdlyInterested the Demonspawn Wanderer began the quest for
                  | the Orb.
     0 | D:1      | IdlyInterested set off with the following items: a +2
                  | dagger, 2 curare-tipped darts, a +0 spear, a +0 helmet, a
                  | potion of attraction, a +0 leather armour.
     0 | D:1      | Reached XP level 1. HP: 13/13 MP: 1/1
   198 | D:1      | Reached skill level 1 in Fighting
   241 | D:1      | Gained mutation: When seriously injured, your blood forms
                  | armour. (AC +6) [demonic ancestry]
   241 | D:1      | Reached XP level 2. HP: 21/21 MP: 2/2
   555 | D:2      | Found a burning altar of Makhleb.
   686 | D:2      | Noticed Terence
   718 | D:2      | Reached XP level 3. HP: 17/27 MP: 3/3
   802 | D:2      | Reached skill level 2 in Fighting
   946 | D:2      | Found a faded altar of an unknown god.
  1023 | D:2      | Killed Terence
  1024 | D:2      | Gained mutation: You have sharp fingernails. [demonic
                  | ancestry]
  1024 | D:2      | Reached XP level 4. HP: 14/34 MP: 4/4
  1813 | D:3      | Identified the +1 robe of Whack-A-Mole {Harm MP-9 Int+4}
  1830 | D:3      | Reached skill level 3 in Fighting
  2245 | D:3      | Reached XP level 5. HP: 41/41 MP: 5/5
  2509 | D:4      | Reached skill level 4 in Fighting
  2614 | D:4      | Gained mutation: You regenerate a little health from kills.
                  | [demonic ancestry]
  2614 | D:4      | Reached XP level 6. HP: 49/50 MP: 6/6
  2670 | D:4      | Reached skill level 5 in Fighting
  2685 | D:4      | Found a sand-covered staircase.
  2690 | Ossuary  | Entered an ossuary
  2883 | Ossuary  | HP: 2/51 [mummy (8)]
  3284 | D:4      | Gained mutation: Spells you cast may paralyse adjacent
                  | enemies. [demonic ancestry]
  3284 | D:4      | Reached XP level 7. HP: 56/57 MP: 7/7
  3309 | D:4      | Identified the +1 robe of the Manifold Defenders {Regen+}
  3500 | D:4      | Reached skill level 6 in Fighting
  3851 | D:5      | Entered Level 5 of the Dungeon
  4130 | D:5      | Reached skill level 1 in Short Blades
  4158 | D:5      | Reached skill level 7 in Fighting
  4264 | D:5      | Slain by a water moccasin

Illustrated notes

Levels and vault maps discovered:
D:1:      dpeg_arrival_rhombi, layout_basic
D:2:      layout_basic, hellmonk_ecumenical_altar_crossroads, basic_altar,
          nicolae_wormholes, uniq_terence
D:3:      layout_basic
D:4:      layout_gridville, enter_ossuary_5
D:5:      layout_loops_ring

Skill      XL: |  1  2  3  4  5  6  7 |
---------------+----------------------+-----
Stealth        | 2 |  2.0
Fighting       | 1 2 3 4 5 7 |  7.3
Dodging        | 2 |  2.0
Throwing       | 2 |  2.0
Evocations     | 2 3 |  3.9
Armour         | 2 |  2.0
Short Blades   | 1 |  1.7
Polearms       | |  1.7

Action                   |  1- 3 |  4- 6 |  7- 9 || total
-------------------------+-------+-------+-------++-------
Melee: Dagger            |   135 |    63 |       ||   198
       Punch             |     3 |    10 |     1 ||    14
       Falchion          |       |   252 |   132 ||   384
Throw: Dart              |     2 |       |       ||     2
  Use: Scroll            |     5 |     8 |     1 ||    14
       Potion            |     1 |     2 |     2 ||     5
 Stab: Sleeping          |     3 |       |       ||     3
Armor: Leather armour    |    24 |       |       ||    24
       Ring mail         |     8 |       |       ||     8
       Scale mail        |       |   147 |    76 ||   223
       Robe              |       |       |    16 ||    16
Dodge: Dodged            |    70 |   170 |   106 ||   346
Block: Tower shield      |       |       |    37 ||    37

Table legend: (Time is in decaauts)
 A = Elapsed time spent in this place.
 B = Non-inter-level travel time spent in this place.
 C = Inter-level travel time spent in this place.
 D = Time resting spent in this place.
 E = Time spent auto-exploring this place.
 F = Levels seen in this place.
 G = Mean time per level.
                   A        B        C        D        E       F      G
               +--------+--------+--------+--------+--------+-----+--------+
         Total |   4379 |   3863 |    516 |    291 |   1997 |   6 |  729.8 |
       Dungeon |   3912 |   3396 |    516 |    149 |   1888 |   5 |  782.4 |
       Ossuary |    466 |    466 |      0 |    142 |    109 |   1 |  466.0 |
               +--------+--------+--------+--------+--------+-----+--------+

Top non-repeatable levels by time:
     D:4: 1208 daAuts
     D:2: 950 daAuts
     D:3: 927 daAuts
     D:1: 593 daAuts
 Ossuary: 466 daAuts
     D:5: 233 daAuts
